 Dungeon Crawl Stone Soup version 0.27-a0-906-g0a00ce863d (webtiles) character file.

Game seed: 4518289314728695078

10 Alarkh the Insei (level 2, 9/22 HPs)
             Began as a Demonspawn Gladiator on Apr 6, 2021.
             Got out of the dungeon alive.
             The game lasted 00:00:19 (318 turns).

Alarkh the Insei (Demonspawn Gladiator)              Turns: 318, Time: 00:00:19

Health: 9/22       AC:  4    Str: 14    XL:     2   Next: 10%
Magic:  2/2        EV: 12    Int:  9    God:
Gold:   0          SH:  0    Dex: 14    Spells: 1/1 levels left

rFire    . . .     SeeInvis .     - Unarmed
rCold    . . .     Faith    .   (no shield)
rNeg     . . .     Spirit   .   a - +0 leather armour
rPois    .         Reflect  .   b - +0 helmet
rElec    .         Harm     .   (no cloak)
rCorr    .         Rampage  .   (no gloves)
Will     .....                  (no boots)
Stlth    +.........             (no amulet)
HPRegen  0.07/turn              (no ring)
MPRegen  0.08/turn              (no ring)

@: no status effects
A: ignite blood 1
a: no special abilities


You escaped.
You visited 1 branch of the dungeon, and saw 1 of its levels.

Inventory:

Missiles
 c - 3 throwing nets (quivered)
Armour
 a - a +0 leather armour (worn)
 b - a +0 helmet (worn)


   Skills:
 + Level 2.2 Fighting
 - Level 1.7 Throwing
 - Level 2.6 Dodging
 * Level 3.1 Unarmed Combat


You had one spell level left.
You didn't know any spells.
Your spell library was empty.

Dungeon Overview and Level Annotations

Branches:
Dungeon (1/15)

Altars:


Innate Abilities, Weirdness & Mutations

Your demonic aura sometimes causes spilled blood to erupt in flames


Message History

You hit the ball python.
You kill the ball python!
Your Unarmed Combat skill increases to level 3!
A frilled lizard and a goblin come into view.
The frilled lizard hisses angrily.
Found a stone staircase leading down.
The goblin shouts!
The rat barely misses you.
Found a scale mail.
You hit the rat.
You kill the rat!
The goblin closely misses you.
You miss the frilled lizard. The frilled lizard bites you.
You barely miss the frilled lizard. The goblin misses you.
The frilled lizard closely misses you.
You barely miss the frilled lizard. The goblin hits you with a +0 club.
* * * LOW HITPOINT WARNING * * *
The frilled lizard completely misses you.
You hit the frilled lizard.
You kill the frilled lizard!
A bat comes into view.
The goblin barely misses you.
The bat moves out of view.
You closely miss the goblin. The goblin misses you.
You barely miss the goblin. The goblin hits you but does no damage.
You hit the goblin.
You kill the goblin!
You have reached level 2!
Your demonic ancestry asserts itself...
Your blood heats up.
You are too injured to fight recklessly!
The bat hits you but does no damage. The bat hits you but does no damage.
You closely miss the bat. You punch the bat.
You kill the bat!
Things that are here:
a +0 short sword; a kobold corpse You see here a +0 short sword.
There is a staircase leading out of the dungeon here.
Are you sure you want to leave the Dungeon?
This will make you lose the game!
You have escaped!

#.#.#######.###........#####
#.#.........##...##..#.....#
#.#########§§§§........###.#
... .......§§§≈≈≈≈≈≈≈§.###.#
#.# ######.§§§.......§§....#
#.# #..≈.....§≈.≈.§≈§.#
#..≈....§≈.§≈§§§§##
#..≈..≈≈.§.≈≈§§§§#
#.§§..≈@§≈§.§.§§.#
#..≈§§≈§≈≈.....≈§#
#..§..§§......§≈§#
#.###§§≈≈≈≈≈≈§≈§.# #.
#.........§..# #.
########...### #. ....# #.
#....# #. #....#


There were no monsters in sight!

Vanquished Creatures
  A ball python (D:1)
  2 bats (D:1)
  An endoplasm (D:1)
  A goblin (D:1)
  2 kobolds (D:1)
  A frilled lizard (D:1)
  A rat (D:1)
9 creatures vanquished.

Notes
Turn   | Place    | Note
-------+----------+-------------------------------------------
     0 | D:1      | Alarkh the Demonspawn Gladiator began the quest for the
                  | Orb.
     0 | D:1      | Reached XP level 1. HP: 16/16 MP: 1/1
   262 | D:1      | Reached skill level 3 in Unarmed Combat
   272 | D:1      | Gained mutation: Your demonic aura sometimes causes spilled
                  | blood to erupt in flames [demonic ancestry]
   272 | D:1      | Reached XP level 2. HP: 6/22 MP: 2/2
   318 | D:$      | Got out of the dungeon alive.

Illustrated notes

Levels and vault maps discovered:
D:1:      ebering_trefoil_twist, layout_basic, basic_ecumenical_altar

Skill      XL: |  1 |
---------------+----+-----
Unarmed Combat | 3 |  3.1
Fighting       | |  2.2
Throwing       | |  1.7
Dodging        | |  2.6

Action                   || total
-------------------------++-------
Melee: Unarmed           ||    32
       Punch             ||     1
Armor: Leather armour    ||    19
Dodge: Dodged            ||    17

Table legend: (Time is in decaauts)
 A = Elapsed time spent in this place.
 B = Non-inter-level travel time spent in this place.
 C = Inter-level travel time spent in this place.
 D = Time resting spent in this place.
 E = Time spent auto-exploring this place.
 F = Levels seen in this place.
 G = Mean time per level.
                   A        B        C        D        E       F      G
               +--------+--------+--------+--------+--------+-----+--------+
         Total |    316 |    276 |     40 |    107 |    112 |   1 |  316.0 |
       Dungeon |    316 |    276 |     40 |    107 |    112 |   1 |  316.0 |
               +--------+--------+--------+--------+--------+-----+--------+

Top non-repeatable levels by time:
     D:1: 316 daAuts
